 Dungeon Crawl Stone Soup version 0.27-a0-1196-g3e9cee4cb2 (webtiles) character file.

Game seed: 14894694601224640265

368 ZappyNine the Ducker (level 6, -8/49 (51) HPs)
             Began as a Demigod Fighter on May 27, 2021.
             Mangled by a wight
             ... wielding a +0 scimitar
              (13 damage)
             ... on level 3 of the Dungeon.
             The game lasted 00:04:48 (3333 turns).

ZappyNine the Ducker (Demigod Fighter)              Turns: 3333, Time: 00:04:49

HP:   -8/49 (51)    AC:  7    Str: 17    XL:     6   Next: 17%
MP:   8/8           EV: 10    Int: 10    God:
Gold: 129           SH:  9    Dex: 21    Spells: 5/5 levels left

rFire    . . .     SeeInvis .   a - +0 long sword
rCold    . . .     Faith    .   c - +0 kite shield
rNeg     . . .     Spirit   .   b - +0 scale mail
rPois    .         Reflect  .   j - +1 hat
rElec    .         Harm     .   (no cloak)
rCorr    .         Rampage  .   (no gloves)
Will     .....                  (no boots)
Stlth    ..........             (no amulet)
HPRegen  0.16/turn              (no ring)
MPRegen  0.11/turn              (no ring)

@: lightly drained
A: high mp 1, forlorn
a: no special abilities


You were on level 3 of the Dungeon.
You visited 1 branch of the dungeon, and saw 4 of its levels.

You collected 129 gold pieces.

Inventory:

Hand Weapons
 a - a +0 long sword (weapon)
Armour
 b - a +0 scale mail (worn)
 c - a +0 kite shield (worn)
 j - a +1 hat (worn)
 o - a +0 helmet
Jewellery
 h - a ring of wizardry
 k - a ring of flight
 m - an amulet of regeneration
 r - a ring of resist corrosion
Wands
 n - a wand of iceblast (8)
Scrolls
 e - a scroll of identify
 f - a scroll of teleportation
 g - 2 scrolls of blinking
 q - a scroll of brand weapon {unknown}
Potions
 d - a potion of degeneration
 i - a potion of berserk rage {unknown}
 l - a potion of curing {unknown}
 p - a potion of heal wounds {unknown}


   Skills:
 + Level 3.4 Fighting
 + Level 1.9 Long Blades
 - Level 2.6 Armour
 - Level 5.4 Dodging
 - Level 2.6 Shields


You had 5 spell levels left.
You didn't know any spells.
Your spell library contained the following spells:

 Spells                   Type           Power      Damage    Failure   Level
 Animate Skeleton         Necr           0%         N/A       99%         1
 Pain                     Necr           0%         1d4       99%         1
 Vampiric Draining        Necr           0%         2d6       100%        3
 Animate Dead             Necr           0%         N/A       100%        4
 Agony                    Necr           0%         N/A       100%        5


Dungeon Overview and Level Annotations

Branches:
Dungeon (4/15)
 Temple: D:4-7


Innate Abilities, Weirdness & Mutations

Your attributes grow dramatically as you level up.
You have an increased reservoir of magic. (+10% MP)
You shall have no god before yourself.


Message History

The wight hits something but does no damage.
A wight opens the door.
Something hits the bush but does no damage.
A wight comes into view. It is wielding a +4 mace.
A wight comes into view. It is wielding a +0 great sword.
You see here 5 stones.
Something hits the bush but does no damage.
There is a stone staircase leading up here.
You hit the kobold.
You kill the kobold!
You barely miss the wight. The wight hits you with a +0 scimitar.
You barely miss the wight. You block the wight's attack.
The wight hits you with a +0 scimitar!
You closely miss the wight. The wight hits you with a +0 scimitar!
You hit the wight.
The wight is moderately damaged.
The wight hits you with a +0 scimitar.
You feel drained. The wight barely misses you.
You hit the wight.
The wight is severely damaged.
The wight hits you with a +0 scimitar.
You feel drained. You block the wight's attack.
You hit the wight.
The wight is severely damaged.
You block the wight's attack. You block the wight's attack.
You climb upwards.
There is a stone staircase leading down here.
You barely miss the wight.
The wight is severely damaged.
The wight hits you with a +0 scimitar. You block the wight's attack.
You closely miss the wight.
The wight is severely damaged.
You block the wight's attack.
You hit the wight.
The wight is almost destroyed.
The wight hits you with a +0 scimitar!
* * * LOW HITPOINT WARNING * * *
The wight hits you with a +0 scimitar!
You die...

#..........# #........
#.......)<)# #........
#..........# #........
##........## ####.####
##[.......#### #.#
#............##### #.#
#..........#.....# ###.#
#..........###.#.# ####...#
#..........#(z@#.# #....###
###............#.#.####.####
..##..........##.#..#.†.#
.####......#.###.##...### ##
#######..# #.#...## #
####.## #...#.###
#....####..##...#######
##.###.....[####.......#
#....#.###.####†......##


You could see a wight.

Vanquished Creatures
  Sigmund (D:2)
  Ijyb (D:3)
  Natasha (D:2)
  2 orc wizards (D:3)
  2 adders
  A worm (D:4)
  2 dart slugs
  An orc (D:2)
  7 bats
  9 endoplasms
  3 giant cockroaches
  9 goblins
  10 hobgoblins
  8 jackals
  2 quokkas
  5 ball pythons
  6 frilled lizards
  7 kobolds
  7 rats
84 creatures vanquished.

Notes
Turn   | Place    | Note
-------+----------+-------------------------------------------
     0 | D:1      | ZappyNine the Demigod Fighter began the quest for the Orb.
     0 | D:1      | Reached XP level 1. HP: 18/18 MP: 3/3
   125 | D:1      | Reached skill level 1 in Dodging
   176 | D:1      | Reached XP level 2. HP: 25/25 MP: 4/4
   363 | D:1      | Reached skill level 2 in Dodging
   845 | D:1      | Reached XP level 3. HP: 30/30 MP: 5/5
  1157 | D:2      | Noticed Sigmund
  1172 | D:2      | Reached skill level 3 in Dodging
  1178 | D:2      | Killed Sigmund
  1179 | D:2      | Reached skill level 4 in Dodging
  1179 | D:2      | Reached XP level 4. HP: 14/37 MP: 6/6
  1179 | D:2      | Reached XP level 5. HP: 16/42 MP: 7/7
  1515 | D:2      | Reached skill level 5 in Dodging
  1647 | D:2      | You fall into a shaft and drop 1 floor!
  1661 | D:3      | Noticed Ijyb
  1677 | D:3      | Killed Ijyb
  2366 | D:2      | Noticed Natasha
  2374 | D:2      | Killed Natasha
  2633 | D:3      | Reached XP level 6. HP: 40/51 MP: 8/8
  3333 | D:3      | Mangled by a wight

Illustrated notes

Levels and vault maps discovered:
D:1:      dpeg_arrival_rhombi, layout_loops_ring
D:2:      layout_basic, minmay_surrounded, uniq_natasha, uniq_sigmund
D:3:      layout_rooms, hellmonk_ecumenical_altar_run_dry, uniq_ijyb
D:4:      layout_basic, grunt_temple_overflow_diamond,
          corexii_item_surrounded_by_moat, minmay_hedge_maze

Skill      XL: |  1  2  3  4  5 |
---------------+----------------+-----
Dodging        | 1 2 4 5 |  5.4
Fighting       | 3 |  3.4
Long Blades    | |  1.9
Armour         | |  2.6
Shields        | |  2.6

Action                   |  1- 3 |  4- 6 || total
-------------------------+-------+-------++-------
Melee: Long sword        |    95 |   181 ||   276
  Use: Potion            |     1 |       ||     1
       Scroll            |       |     4 ||     4
Armor: Scale mail        |    77 |    80 ||   157
Dodge: Dodged            |    42 |    94 ||   136
Block: Kite shield       |    55 |   131 ||   186
       Rpst.: Long sword |    12 |    30 ||    42

Table legend: (Time is in decaauts)
 A = Elapsed time spent in this place.
 B = Non-inter-level travel time spent in this place.
 C = Inter-level travel time spent in this place.
 D = Time resting spent in this place.
 E = Time spent auto-exploring this place.
 F = Levels seen in this place.
 G = Mean time per level.
                   A        B        C        D        E       F      G
               +--------+--------+--------+--------+--------+-----+--------+
         Total |   3491 |   3413 |     78 |    640 |   1995 |   4 |  872.8 |
       Dungeon |   3491 |   3413 |     78 |    640 |   1995 |   4 |  872.8 |
               +--------+--------+--------+--------+--------+-----+--------+

Top non-repeatable levels by time:
     D:2: 1388 daAuts
     D:1: 1119 daAuts
     D:3: 791 daAuts
     D:4: 192 daAuts
